 Dungeon Crawl Stone Soup version 0.28-a0-1447-ga5a8893891 (webtiles) character file.

Game seed: 1548862845224723136

30 ytrimaz the Insei (level 3, 20/23 HPs)
             Began as an Octopode Transmuter on Jan 10, 2022.
             Was a Follower of Kikubaaqudgha.
             Quit the game on level 2 of the Dungeon.
             The game lasted 00:01:19 (1261 turns).

ytrimaz the Insei (Octopode Transmuter)             Turns: 1261, Time: 00:01:20

Health: 20/23      AC:  1    Str:  9    XL:     3   Next: 18%
Magic:  6/6        EV: 13    Int: 17    God:    Kikubaaqudgha [*.....]
Gold:   39         SH:  0    Dex: 12    Spells: 0/6 levels left

rFire   . . .      SeeInvis .     - Unarmed
rCold   . . .      Faith    .   (no shield)
rNeg    . . .      Spirit   .   (helmet currently unavailable)
rPois   .          Reflect  .   (no amulet)
rElec   .          Harm     .   (no ring)
rCorr   .          Rampage  .   (no ring)
Will    .....                   (no ring)
Stlth   ++........              (no ring)
HPRegen 0.07/turn               (no ring)
MPRegen 0.10/turn               (no ring)
                                (no ring)
                                (no ring)

@: appendages (expiring)
A: tentacle spike 3, almost no armour, amphibious, 8 rings, camouflage 1,
gelatinous body 1, (nimble swimmer 1), tentacles
a: End Transformation, Renounce Religion, Receive Corpses


You were on level 2 of the Dungeon.
You worshipped Kikubaaqudgha.
Kikubaaqudgha was aware of your devotion.
One of your tentacles had grown a beastly spike.
You visited 1 branch of the dungeon, and saw 2 of its levels.

You collected 39 gold pieces.

Inventory:

Potions
 a - 2 potions of lignification
 b - a potion of attraction {unknown}
 c - a potion of curing {unknown}


   Skills:
 * Level 1.3 Fighting
 * Level 2.3 Dodging
 + Level 3.3 Unarmed Combat
 * Level 2.3 Spellcasting
 * Level 2.3 Transmutations


You couldn't memorise any spells.
You knew the following spells:

 Your Spells              Type           Power      Damage    Failure   Level
a - Beastly Appendage     Tmut           18%        N/A       8%          1
b - Wereblood             Tmut           9%         N/A       11%         2
c - Spider Form           Tmut/Pois      5%         N/A       34%         3

Your spell library contained the following spells:

 Spells                   Type           Power      Damage    Failure   Level
 Animate Skeleton         Necr           4%         N/A       19%         1
 Pain                     Necr           8%         1d4       19%         1
 Sublimation of Blood     Necr           2%         N/A       28%         2
 Ice Form                 Ice/Tmut       5%         N/A       75%         4
 Agony                    Necr           2%         N/A       99%         5


Dungeon Overview and Level Annotations

Branches:
Dungeon (2/15)

Altars:
Kikubaaqudgha


Innate Abilities, Weirdness & Mutations

One of your tentacles has grown a beastly spike.
You cannot wear most types of armour.
You are amphibious.
You can wear up to eight rings at the same time.
Your skin changes colour to match your surroundings (Stealth+).
Your rubbery body absorbs attacks. (AC +1, EV +1)
((You are camouflaged when in or above water. (Stealth+)))
You have tentacles for arms and can constrict up to eight enemies at once.


Message History

One of your tentacles grows a vicious spike.
The endoplasm closely misses you.
You tentacle-slap the endoplasm but do no damage.
You pierce the endoplasm.
You kill the endoplasm!
Kikubaaqudgha accepts your kill.
Your magical contamination has completely faded away.
Your transformation is almost over.
Your tentacle spike disappears.
Magic restored.
c - an inky potion
Found a stone staircase leading up.
A bat comes into view.
A bat is nearby!
A bat is nearby!
You see here a scroll labelled FEUCYASHUA.
d - a scroll labelled FEUCYASHUA The bat hits you.
The bat closely misses you. The bat barely misses you.
One of your tentacles grows a vicious spike.
The bat barely misses you. The bat misses you. The bat hits you.
As you read the scroll labelled FEUCYASHUA, it crumbles to dust.
You feel aware of your surroundings.
It was a scroll of magic mapping.
The bat hits you.
Unknown command.
The bat barely misses you.
You tentacle-slap the bat. Your grab misses the bat.
Your tentacle spike misses the bat.
The bat is moderately wounded.
The bat closely misses you. The bat hits you but does no damage.
Your transformation is almost over.
The bat barely misses you. The bat closely misses you.
You closely miss the bat. Your grab misses the bat.
The bat is moderately wounded.
The bat misses you. The bat hits you.
Are you sure you want to abandon this character and quit the game? (Confirm with "yes".)

**,*,* *,,,, ,,,,,* *,**,
,,,*,*****###* *,*≈,
,*,*,,,,,,,..* *,*≈,
,*,,,,,,.,##.##*#########****,*≈,
,,,,,,,,..#....,,........,,,,,*≈,
,**,,,,,.......###...#*********≈,
,**,,,,,.......#...<.## *≈,
,**,,,,,.......#@#....######* *≈,
,,,,,,,,....................***≈,
,****,**###....####....####.,**≈,
,,,,,,,,.......* #....# **,***,
###**,**.#.....####....#****,,,,,
,,..#,,,,##.####.#.###.....,,,,,,
###.#######.# #.#.## *..###**,,,,
..#.........# ##.#.# *....,***,**
............###.#.##**.....,,,,,,


There were no monsters in sight!

Vanquished Creatures
  A dart slug (D:1)
  A ball python (D:1)
  2 endoplasms
  2 giant cockroaches (D:1)
  4 goblins (D:1)
  3 hobgoblins (D:1)
  A quokka (D:1)
  3 bats (D:1)
  A frilled lizard (D:1)
  2 kobolds (D:1)
  4 rats (D:1)
24 creatures vanquished.

Notes
Turn   | Place    | Note
-------+----------+-------------------------------------------
     0 | D:1      | ytrimaz the Octopode Transmuter began the quest for the
                  | Orb.
     0 | D:1      | Reached XP level 1. HP: 13/13 MP: 3/3
   156 | D:1      | Reached XP level 2. HP: 4/18 MP: 3/5
   743 | D:1      | Reached XP level 3. HP: 17/23 MP: 6/6
   746 | D:1      | Learned a level 2 spell: Wereblood
   750 | D:1      | Learned a level 3 spell: Spider Form
   988 | D:1      | Found a faded altar of an unknown god.
  1002 | D:1      | Prayed at the altar of an unknown god.
  1002 | D:1      | Became a worshipper of Kikubaaqudgha
  1002 | D:1      | Reached * piety under Kikubaaqudgha
  1002 | D:1      | Received a gift from Kikubaaqudgha
  1261 | D:2      | Quit the game

Illustrated notes

Levels and vault maps discovered:
D:1:      onia_arrival_mini_maze_b, layout_basic,
          dreamdust_ecumenical_altar_statues
D:2:      layout_basic, serial_corexii_hall, chequers_hall_statues_wall_a,
          corexii_hall_statues_deadend, amcnicky_mini_rare_corridor_liquid,
          serial_bayou_pond_e, minivault_24, chequers_serial_rivers_small_a

Action                   || total
-------------------------++-------
Melee: Unarmed           ||    52
       Kick              ||    13
       Constrict         ||    12
       Punch             ||     3
       Tentacles         ||     6
 Cast: Beastly Appendage ||    15
  Use: Scroll            ||     2
 Stab: Sleeping          ||     5
Armor: Skin              ||     7
Dodge: Dodged            ||    46

Table legend: (Time is in decaauts)
 A = Elapsed time spent in this place.
 B = Non-inter-level travel time spent in this place.
 C = Inter-level travel time spent in this place.
 D = Time resting spent in this place.
 E = Time spent auto-exploring this place.
 F = Levels seen in this place.
 G = Mean time per level.
                   A        B        C        D        E       F      G
               +--------+--------+--------+--------+--------+-----+--------+
         Total |   1257 |   1215 |     42 |      0 |   1007 |   2 |  628.5 |
       Dungeon |   1257 |   1215 |     42 |      0 |   1007 |   2 |  628.5 |
               +--------+--------+--------+--------+--------+-----+--------+

Top non-repeatable levels by time:
     D:1: 1174 daAuts
     D:2: 83 daAuts
